 Dungeon Crawl Stone Soup version 0.31-a0-145-g046c7d2549 (webtiles) character file.

Game seed: 474584603543434827

36 Faragor the Magician (level 3, 0/19 HPs)
             Began as a Deep Elf Hedge Wizard on June 6, 2023.
             Slain by Terence
             ... wielding a +0 falchion
              (6 damage)
             ... on level 1 of the Dungeon.
             The game lasted 00:06:44 (2923 turns).

Faragor the Magician (Deep Elf Hedge Wizard)        Turns: 2923, Time: 00:06:45

Health: 0/19       AC:  2    Str:  7    XL:     3   Next: 19%
Magic:  9/11       EV: 12    Int: 20    God:
Gold:   44         SH:  0    Dex: 14    Spells: 3/11 levels left

rFire   . . .        a - +0 dagger
rCold   . . .        (no shield)
rNeg    . . .        b - +0 robe
rPois   .            c - +0 hat
rElec   .            (no cloak)
rCorr   .            (no gloves)
SInv    .            (no boots)
Will    .....        (no amulet)
Stlth   ++           (no ring)
HPRegen 0.23/turn    (no ring)
MPRegen 0.12/turn

%: no passive effects
@: no status effects
A: no striking features
a: no special abilities


You were on level 1 of the Dungeon.
You visited 1 branch of the dungeon, and saw 2 of its levels.

You collected 44 gold pieces.

Inventory:

Hand Weapons
 a - a +0 dagger (weapon)
Armour
 b - a +0 robe (worn)
 c - a +0 hat (worn)
Scrolls
 f - a scroll of identify {unknown}
 g - a scroll of fog {unknown}
Potions
 d - a potion of magic


   Skills:
 - Level 2.6 Dodging
 + Level 3.0 Stealth
 * Level 4.9 Spellcasting
 + Level 1.7 Conjurations
 + Level 1.5 Summonings
 + Level 1.5 Translocations
 + Level 0.0 Air Magic
 + Level 0.0 Poison Magic


You had 3 spell levels left.
You knew the following spells:

 Your Spells              Type           Power      Damage    Failure   Level
a - Magic Dart            Conj           44%        1d5       6%          1
b - Blink                 Tloc           22%        N/A       10%         2
c - Call Imp              Summ           22%        N/A       10%         2
d - Mephitic Cloud        Conj/Pois/Air  7%         N/A       28%         3

Your spell library contained the following spells:

 Spells                   Type           Power      Damage    Failure   Level
 Slow                     Hex            16%        N/A       12%         1
 Cigotuvi's Dreadful Rot  Necr/Pois/Air  8%         N/A       19%         2


Dungeon Overview and Level Annotations

Branches:
Dungeon (2/15)

Altars:

Annotations:
D:1 Terence


Message History

You closely miss Terence.
Terence is lightly wounded.
Terence barely misses you.
Your cerulean imp closely misses Terence.
You hit Terence.
Terence is moderately wounded.
Terence completely misses you.
Your cerulean imp hits Terence but does no damage.
You hit Terence but do no damage.
Terence is moderately wounded.
Terence closely misses you.
Your cerulean imp barely misses Terence.
You closely miss Terence.
Terence is moderately wounded.
Terence hits you with a +0 falchion.
Your cerulean imp closely misses Terence.
As you read the scroll labelled ZONECE ZOUCH, it crumbles to dust.
You assume a fearsome visage.
Terence looks frightened!
It was a scroll of fear.
Terence yells at you, "GO AWAY!"
Your cerulean imp barely misses Terence.
Your cerulean imp hits Terence but does no damage.
Your cerulean imp hits Terence but does no damage.
Your cerulean imp barely misses Terence.
Cornered, Terence turns to fight!
Your cerulean imp closely misses Terence.
Your cerulean imp hits Terence but does no damage.
Your cerulean imp hits Terence but does no damage.
Your cerulean imp hits Terence but does no damage.
Your cerulean imp closely misses Terence.
Terence attacks as you move away! Terence closely misses you.
Terence says, "Time to say good-bye..."
Terence attacks as you move away! Terence hits you with a +0 falchion.
Terence attacks as you move away! Terence hits you with a +0 falchion!
* * * LOW HITPOINT WARNING * * *
Terence attacks as you move away! Terence closely misses you.
Terence attacks as you move away! Terence closely misses you.
Terence attacks as you move away! Terence misses you.
Terence attacks as you move away! Terence hits you with a +0 falchion.
You die...

#>#.###..##.#...........##......#
#.#.# ##...........(....##......#
#.#.# ###..............####....#
#.#.# ##......................#
#.#.#####...........#...#####.###
#...##.........)........# #.#
#..#####..#.##########..# #.#
#..#...#.)#.##########..#####.###
#..#...#........@@...............
'..'...#..#.##########..#####.###
#..#...##.#.# #...#....#
####...##.#.# #...#.####
#####+##..#.# #...#.#
#..##...#.#.# #.....#
..........#.# #...### ###
#..##.....#.##########...## #..
#####++#..#..†............# ##.#


You could see Terence.

Vanquished Creatures
  A ball python (D:1)
  4 bats (D:1)
  2 endoplasms (D:1)
  A giant cockroach (D:1)
  6 hobgoblins (D:1)
  A quokka (D:2)
  2 frilled lizards (D:1)
  7 goblins (D:1)
  A kobold (D:1)
  7 rats (D:1)
32 creatures vanquished.

Vanquished Creatures (others)
  A giant cockroach (D:1)
  A rat (D:1)
2 creatures vanquished.

Grand Total: 34 creatures vanquished

Notes
Turn   | Place    | Note
-------+----------+-------------------------------------------
     0 | D:1      | Faragor the Deep Elf Hedge Wizard began the quest for the
                  | Orb.
     0 | D:1      | Reached XP level 1. HP: 10/10 MP: 7/7
   325 | D:1      | Reached XP level 2. HP: 15/15 MP: 6/9
  1945 | D:1      | Reached XP level 3. HP: 19/19 MP: 9/11
  2390 | D:1      | Learned a level 2 spell: Blink
  2393 | D:1      | Learned a level 2 spell: Call Imp
  2397 | D:1      | Learned a level 3 spell: Mephitic Cloud
  2857 | D:2      | Noticed Terence
  2923 | D:1      | Slain by Terence

Illustrated notes

Levels and vault maps discovered:
D:1:      dpeg_arrival_houses_and_road, layout_rooms, lemuel_flame_loot_1
D:2:      layout_basic, shapermc_ecumenical_altar_mp_ritualfount, uniq_terence

Skill      XL: |  1  2 |
---------------+-------+-----
Stealth        | 3 |  3.0
Dodging        | |  2.6
Spellcasting   | |  4.9
Conjurations   | |  1.7
Summonings     | |  1.5
Translocations | |  1.5

Action                     || total
---------------------------++-------
  Melee: Dagger            ||    18
   Cast: Magic Dart        ||    62
         Blink             ||     1
         Call Imp          ||     1
    Use: Scroll            ||     1
 Armour: Robe              ||     3
  Dodge: Dodged            ||    17

Table legend: (Time is in decaauts)
 A = Elapsed time spent in this place.
 B = Non-inter-level travel time spent in this place.
 C = Inter-level travel time spent in this place.
 D = Time resting spent in this place.
 E = Time spent auto-exploring this place.
 F = Levels seen in this place.
 G = Mean time per level.
                   A        B        C        D        E       F      G
               +--------+--------+--------+--------+--------+-----+--------+
         Total |   2923 |   2891 |     32 |   1979 |    627 |   2 | 1461.5 |
       Dungeon |   2923 |   2891 |     32 |   1979 |    627 |   2 | 1461.5 |
               +--------+--------+--------+--------+--------+-----+--------+

Top non-repeatable levels by time:
     D:1: 2705 daAuts
     D:2: 218 daAuts
